 Seeded DCSS version 0.32-a0-841-g4648e6c (webtiles) character file.

Game seed: 800197345211678527 (custom seed)

240584 brinewave the Wrestler (level 19, -18/150 (213) HPs)
             Began as a Troll Necromancer on Mar 24, 2024.
             Was the Champion of Yredelemnul.
             Killed from afar by a laughing skull (19 damage)
             ... with a bolt of negative energy
             ... on level 1 of the Crypt on Mar 26, 2024.
             The game lasted 02:38:11 (29856 turns).

brinewave the Wrestler (Troll Necromancer)         Turns: 29856, Time: 02:38:12

HP:   -18/150 (213) AC: 16    Str: 33    XL:     19   Next: 5%
MP:   30/30         EV:  8    Int: 13    God:    Yredelemnul [******]
Gold: 4479          SH: 19    Dex: 10    Spells: 19/20 levels left

rFire   . .          .
                       - Unarmed
rCold   . . .        Q - +4 kite shield
rNeg    . . .        E - +2 robe {Will+}
rPois   +            w - +3 crown of Dyrovepreva {rElec Int+2 SInv}
rElec   +            M - +2 cloak {rPois}
rCorr   .            (gloves unavailable)
SInv    +            (boots unavailable)
Will    ++...        K - amulet of reflection
Stlth   ++           i - +4 ring of protection
HPRegen 1.25/turn    Y - +6 ring of strength
MPRegen 0.22/turn

%: reflection
@: wreathed by umbra, very heavily drained
A: large, unfitting armour, claws 3, regeneration 1, shaggy fur 1, tough skin 1
}: 1/15 runes: gossamer
a: Renounce Religion, Light the Black Torch, Recall Undead Harvest, Hurl
Torchlight, Bind Soul, Fathomless Shackles


You were on level 1 of the Crypt.
You worshipped Yredelemnul.
Yredelemnul was most pleased with you.
You visited 6 branches of the dungeon, and saw 29 of its levels.
You also visited: Bailey.

You collected 5299 gold pieces.
You spent 820 gold pieces at shops.

Inventory:

Missiles
 A - 24 poisoned darts
 I - 20 boomerangs
 P - 3 javelins
Armour
 o - a +0 buckler of fire resistance
 s - a +2 robe of cold resistance
 w - the +3 crown of Dyrovepreva (worn) {rElec Int+2 SInv}
   (You found it on level 5 of the Dungeon)

   Int+2:     It affects your intelligence (+2).
   rElec:     It insulates you from electricity.
   SInv:      It lets you see invisible.
 E - a +2 robe of willpower (worn)
 J - a +2 robe of positive energy
 L - a +1 hat of willpower
 M - a +2 cloak of poison resistance (worn)
 Q - a +4 kite shield (worn)
Jewellery
 c - a ring of protection from fire
 h - a ring of resist corrosion
 i - a +4 ring of protection (left claw)
 K - an amulet of reflection (around neck)
 N - a ring of protection from fire
 R - a +5 ring of evasion
 V - an amulet of the acrobat
 Y - a +6 ring of strength (right claw)
Talismans
 T - a granite talisman
Wands
 f - a wand of mindburst (4)
 q - a wand of flame (60)
 C - a wand of charming (27)
 U - a wand of roots (3)
Scrolls
 j - a scroll of silence
 u - 8 scrolls of fog
 x - 6 scrolls of fear
 y - 8 scrolls of teleportation
 B - a scroll of torment
 D - 2 scrolls of immolation
 F - 3 scrolls of poison
Potions
 a - 2 potions of berserk rage
 b - 2 potions of magic
 d - 5 potions of lignification
 e - 4 potions of brilliance
 g - 8 potions of mutation
 k - 5 potions of attraction
 l - 4 potions of heal wounds
 m - 12 potions of curing
 n - 2 potions of might
 r - 6 potions of haste
 t - 3 potions of cancellation
 z - 5 potions of enlightenment
 G - 4 potions of ambrosia
 W - 2 potions of invisibility
 Z - 2 potions of resistance
Miscellaneous
 S - a sack of spiders


   Skills:
 + Level 18.5 Fighting
 - Level 1.5 Dodging
 - Level 1.0 Stealth
 + Level 10.4 Shields
 + Level 21.6 Unarmed Combat
 - Level 1.2 Spellcasting
 - Level 3.2 Necromancy
 + Level 16.4 Invocations


You had 19 spell levels left.
You knew the following spells:

 Your Spells              Type           Power      Damage    Failure   Level
a - Necrotise             Necr           36%        1d5       11%         1

Your spell library contained the following spells:

 Spells                   Type           Power      Damage    Failure   Level
 Kiss of Death            Conj/Necr      20%        2d7       22%         1
 Vampiric Draining        Necr           9%         2d6       32%         3
 Apportation              Tloc           0%         N/A       38%         1
 Magic Dart               Conj           0%         1d3       38%         1
 Summon Small Mammal      Summ           0%         N/A       38%         1
 Blink                    Tloc           0%         N/A       54%         2
 Call Imp                 Summ           0%         N/A       54%         2
 Jinxbite                 Hex            0%         N/A       54%         2
 Dispel Undead            Necr           9%         3d8       73%         4
 Call Canine Familiar     Summ           0%         N/A       77%         3
 Confusing Touch          Hex            0%         N/A       77%         3
 Dazzling Flash           Conj/Hex       0%         N/A       77%         3
 Inner Flame              Hex/Fire       0%         N/A       77%         3
 Mephitic Cloud           Conj/Alch/Air  0%         N/A       77%         3
 Passwall                 Erth           0%         N/A       77%         3
 Sigil of Binding         Hex            0%         N/A       77%         3
 Tukima's Dance           Hex            0%         N/A       77%         3
 Volatile Blastmotes      Fire/Tloc      0%         2d10      77%         3
 Curse of Agony           Necr           9%         N/A       97%         5
 Brom's Barrelling Bould  Conj/Erth      0%         2d3       99%         4
 Dimensional Bullseye     Hex/Tloc       0%         N/A       99%         4
 Flame Wave               Conj/Fire      0%         2d4       99%         4
 Iskenderun's Mystic Bla  Conj/Tloc      0%         2d3       99%         4
 Leda's Liquefaction      Alch/Erth      0%         N/A       99%         4
 Passage of Golubria      Tloc           0%         N/A       99%         4
 Sticky Flame             Fire/Alch      0%         2d4       99%         4
 Summon Blazeheart Golem  Fire/Summ      0%         N/A       99%         4
 Alistair's Intoxication  Alch           0%         N/A       100%        5
 Fireball                 Conj/Fire      0%         3d3       100%        5
 Iskenderun's Battlesphe  Conj           0%         2d6       100%        5
 Lee's Rapid Deconstruct  Erth           0%         3d4*      100%        5
 Silence                  Hex/Air        0%         N/A       100%        5
 Summon Forest            Summ/Tloc      0%         N/A       100%        5
 Summon Mana Viper        Hex/Summ       0%         N/A       100%        5
 Yara's Violent Unravell  Hex/Alch       0%         3d3       100%        5
 Bombard                  Conj/Erth      0%         9d1       100%        6
 Conjure Ball Lightning   Conj/Air       0%         3x3d6     100%        6
 Eringya's Noxious Bog    Alch           0%         4d6       100%        6
 Permafrost Eruption      Ice/Erth       0%         2x4d2     100%        6
 Sculpt Simulacrum        Ice/Alch       0%         N/A       100%        6
 Starburst                Conj/Fire      0%         6d3       100%        6
 Summon Cactus Giant      Summ           0%         N/A       100%        6
 Enfeeble                 Hex            0%         N/A       100%        7
 Orb of Destruction       Conj           0%         9d5       100%        7
 Spellforged Servitor     Conj/Summ      0%         N/A       100%        7
 Summon Hydra             Summ           0%         N/A       100%        7
 Maxwell's Capacitive Co  Air            0%         ∞         100%        8
 Animate Dead             Necr           Unusable   N/A       N/A         4
 Death Channel            Necr           Unusable   N/A       N/A         6

Dungeon Overview and Level Annotations

Branches:
Dungeon (15/15)            Temple (0/1) D:5            Lair (5/5) D:10
 Shoals (0/4) Lair:3       Spider (4/4) Lair:2        Slime (0/5) Lair:4
    Orc (2/2) D:11            Elf (0/3) Orc:2        Vaults (2/5) D:13
  Crypt (1/3) Vaults:2     Depths (0/4) D:15         Bailey (visited)

Altars:
Cheibriados
Dithmenos
Elyvilon
Gozag
Hepliaklqana
Makhleb
Nemelex Xobeh
Okawaru
Sif Muna
Trog
Uskayaw
Vehumet
Wu Jian
Xom
Yredelemnul
Beogh
Jiyva
Lugonu

Shops:
D:1 (   D:7 (   D:8 *   Orc:2 *[(*   Vaults:1 (

Portals:
Abyss: Lair:5


Innate Abilities, Weirdness & Mutations

You are too large for most types of armour.
You have claws for hands.
Your natural rate of healing is unusually fast.
You are covered in fur. (AC +1)
You have tough skin. (AC +1)


Message History

The laughing skull headbutts your necromancer zombie.
You hear a hideous shriek!
The laughing skull barely misses your necromancer zombie.
The laughing skull headbutts your necromancer zombie!
Your necromancer zombie is destroyed!
The death knight offers itself to Yredelemnul, and fills with unholy energy.
The laughing skull evades a web.
The laughing skull evades a web.
The laughing skull is caught in a web!
The laughing skull lets out a vicious peal of laugher.
The bolt of negative energy misses the laughing skull.
The bolt of negative energy hits you!
You feel drained.
The laughing skull lets out a vicious peal of laugher.
The bolt of negative energy hits you!!
You feel drained.
* * * LOW HITPOINT WARNING * * *
The laughing skull headbutts you but does no damage.
The laughing skull evades a web.
The laughing skull is caught in a web!
The laughing skull pulls away from the web.
The laughing skull pulls away from the web.
The laughing skull evades a web.
The laughing skull gibbers with scorn.
The bolt of negative energy hits the laughing skull.
The laughing skull completely resists.
The bolt of negative energy hits you.
You feel drained.
* * * LOW HITPOINT WARNING * * *
You block the laughing skull's attack.
The laughing skull attacks as it pursues you!
The laughing skull headbutts you but does no damage.
The laughing skull gibbers with scorn.
The bolt of negative energy hits the laughing skull.
The laughing skull completely resists.
The bolt of negative energy hits you!!!
You feel drained.
* * * LOW HITPOINT WARNING * * *
The laughing skull lets out a vicious peal of laugher.
The bolt of negative energy hits the laughing skull.
The laughing skull completely resists.
The bolt of negative energy hits you!!
You feel drained.
You die...
The laughing skull crumbles to pieces from sheer joy.
Your body rises from the dead as a mindless zombie.

####### ###ß.⌠.ß###
# #ß^^....^ß# #..
##^^.......##
#...####ß^.⌠...⌠.^ß#
#....'...^.z..z..^.#
#....')Vp.z.zz@...⌠#
#....'^.^^.z.......#
#'''####ß^.⌠...⌠..ß#
..... ##.^......^##
.... #ß^....^^ß# ...
###ß.⌠^ß###


zzz ####### You could see a death knight (reflects damage), a vampire mage and 6
laughing skulls.

Vanquished Creatures
  Mara (Spider:3)
  Arachne (Spider:3)
  Jorgrun (D:13)
  Frances (D:13)
  Gastronok (Orc:1)
  A revenant (Vaults:2)
  Roxanne (D:15)
  A fire giant (Vaults:1)
  8 vault wardens
  2 ghost moths
  7 emperor scorpions
  The ghost of Giaff the Carver, a journeyman DsGl of Makhleb (D:15)
  2 orc warlords
  The ghost of edsrzf the Wrestler, a journeyman TrNe of Cheibriados (D:11)
  3 ironbound preservers
  3 formless jellyfish
  4 ironbound thunderhulks
  Nessos (D:15)
  Azrael (D:13)
  2 spark wasps
  7 dire elephants
  2 eidola
  2 yaktaur captains (Vaults:2)
  Snorg (D:10)
  A great orb of eyes (Vaults:1)
  2 hydras
  A deep elf high priest (Vaults:1)
  16 vault guards
  5 entropy weavers
  A rakshasa (D:14)
  2 jorogumos
  A death knight (D:15)
  2 radroaches (Spider:1)
  2 ironbound frosthearts (Vaults:1)
  9 centaur warriors
  5 boulder beetles
  A death scarab (Spider:3)
  2 thrashing horrors (Lair:5)
  7 two-headed ogres
  A tengu warrior (D:14)
  4 demonic crawlers
  5 orc high priests
  A vampire mage (Vaults:2)
  A salamander mystic (D:15)
  The ghost of dontdoit the Thaumaturge, a journeyman SpAl of Vehumet (D:11)
  3 skeletal warriors (D:15)
  4 pharaoh ants
  A bunyip zombie (Crypt:1)
  A skyshark (shapeshifter) (D:15)
  A skyshark (Lair:4)
  7 orb spiders
  Lodul (D:13)
  3 deep trolls (Vaults:2)
  11 orc knights
  3 arcanists
  A sun moth (Spider:1)
  A glowing orange brain (Vaults:2)
  4 ironbound convokers
  Pikel (D:9)
  An obsidian bat (Orc:2)
  7 lindwurms
  5 steelbarb worms
  A harpy (Vaults:2)
  A necromancer (Crypt:1)
  A harpy (shapeshifter) (Lair:5)
  A phantasmal warrior (Crypt:1)
  5 orc sorcerers
  14 wolf spiders
  13 ugly things
  A moth of wrath (Spider:2)
  5 manticores
  3 cyclopes
  A large abomination (Lair:5)
  2 kobold blastminers (Orc:2)
  16 elephants
  8 black mambas
  7 vault sentinels
  7 meliai
  A gargoyle (D:11)
  2 smoke demons (Lair:5)
  2 centaur skeletons (Crypt:1)
  An orange demon (D:12)
  10 cane toads
  3 torpor snails
  An unseen horror (D:12)
  12 yaktaurs
  An efreet (D:14)
  A dire elephant skeleton (Crypt:1)
  A rime drake (Lair:2)
  A freezing wraith (D:14)
  5 komodo dragons
  9 trolls
  2 polar bears
  3 raiju
  4 blink frogs (Lair:5)
  19 tarantellas
  A fire giant simulacrum (Vaults:2)
  21 jumping spiders
  20 culicivoras
  10 slime creatures
  An air elemental (D:13)
  4 wraiths
  2 ynoxinuls (Lair:5)
  2 wyverns
  13 humans
  5 fire elementals (D:13)
  40 yaks
  7 small abominations (Lair:5)
  8 basilisks
  A redback (shapeshifter) (Vaults:1)
  3 steam dragons
  A basilisk (shapeshifter) (Lair:5)
  5 wargs
  5 vampire mosquitoes
  36 redbacks
  Edmund (D:4)
  2 acid dragons
  12 water moccasins
  3 hell hounds
  4 sky beasts
  5 black bears
  43 orc warriors
  17 ogres
  17 centaurs
  A laughing skull (D:13)
  2 boggarts (Vaults:1)
  6 wolves
  2 kobold brigands
  Blork the orc (D:4)
  20 bullfrogs
  4 scorpions
  2 gnoll sergeants
  2 wights
  7 killer bees
  A howler monkey (D:6)
  3 electric eels
  A hound (D:4)
  4 jellies
  26 orc priests
  6 iguanas
  15 orc wizards
  3 hell rats (Lair:1)
  4 gnolls
  5 adders
  7 river rats (Lair:1)
  A shadow imp (D:7)
  3 white imps
  4 ufetubi
  2 ribbon worms
  68 orcs
  7 ball pythons
  4 bats
  8 endoplasms
  4 giant cockroaches
  10 goblins
  6 hobgoblins
  8 jackals
  12 kobolds
  2 quokkas
  5 frilled lizards
  10 rats
909 creatures vanquished.

Vanquished Creatures (collateral kills)
  2 emperor scorpions (Spider:4)
  A ghost moth (Spider:4)
  An ironbound thunderhulk (Vaults:1)
  A dire elephant (Vaults:1)
  2 entropy weavers (Spider:4)
  Josephine (D:11)
  A yaktaur captain (Vaults:1)
  7 hydras
  An ogre mage (D:15)
  3 vault guards (Vaults:2)
  2 jorogumos (Spider:3)
  A catoblepas (D:14)
  4 centaur warriors
  A two-headed ogre (D:15)
  2 boulder beetles
  A tengu warrior (D:13)
  3 demonic crawlers
  A spectral jorogumo (Spider:4)
  2 skeletal warriors (D:15)
  3 deep trolls (Vaults:2)
  2 pharaoh ants
  2 lindwurms
  A steelbarb worm (Spider:3)
  5 orb spiders
  An orc knight (D:15)
  2 harpies (Vaults:2)
  2 ugly things
  An orc sorcerer (Orc:1)
  5 wolf spiders
  2 meliai (D:11)
  4 elephants
  5 kobold blastminers (Orc:2)
  3 black mambas
  2 vault sentinels
  2 torpor snails
  3 cane toads
  2 rime drakes
  A smoke demon (Lair:5)
  2 yaktaurs
  A komodo dragon (Lair:2)
  A hornet (Lair:2)
  4 trolls
  10 tarantellas
  5 blink frogs (Lair:5)
  Prince Ribbit (Bailey)
  6 dream sheep (Lair:5)
  17 jumping spiders
  2 slime creatures
  A shadow (D:12)
  6 culicivoras
  Sigmund (D:3)
  2 wyverns
  A spriggan (Lair:5)
  3 basilisks
  2 wraiths (D:11)
  17 yaks
  A fire bat (D:12)
  2 wargs
  2 steam dragons
  30 redbacks
  A water moccasin (Lair:1)
  11 orc warriors
  An ice beast (D:7)
  A black bear (D:4)
  A laughing skull (D:13)
  4 ogres
  2 boggarts (Vaults:1)
  2 centaurs
  2 wolves (Lair:2)
  7 bullfrogs
  A scorpion (Lair:3)
  A small abomination (Lair:5)
  5 killer bees
  2 electric eels
  A bombardier beetle (D:3)
  2 hounds
  A jelly (D:5)
  12 orc priests
  2 orc wizards
  3 gnolls
  5 adders
  2 white imps (D:7)
  An ufetubus (Vaults:2)
  37 orcs
  An endoplasm (Lair:4)
  A giant cockroach (D:4)
  3 goblins
  2 hobgoblins
  A ball python (D:4)
  4 kobolds
  6 rats (Lair:1)
  2 butterflies (Lair:1)
329 creatures vanquished.

Vanquished Creatures (others)
  Arachne zombie (Spider:3)
  A spectral emperor scorpion (Vaults:1)
  2 spectral dire elephants
  An emperor scorpion zombie (Spider:3)
  A deep elf pyromancer (D:13)
  4 wolf spider zombies (Spider:3)
  3 ugly thing zombies
  A jorogumo zombie (Spider:3)
  A spectral orc (D:15)
  A formless jellyfish zombie (Vaults:1)
  A spectral efreet (D:13)
  10 redback zombies
  5 demonic crawler zombies
  2 hydra zombies
  3 harpy zombies
  5 culicivora zombies
  9 tarantella zombies
  7 jumping spider zombies
  4 black mamba zombies
  4 slime creature zombies (Vaults:1)
  A jumping spider (Spider:4)
  4 meliai zombies
  A human (D:13)
  A skyshark zombie (D:15)
  A tengu zombie (D:13)
  5 cane toad zombies
  3 entropy weaver zombies (Spider:4)
  A two-headed ogre zombie (D:15)
  5 elephant zombies
  2 dream sheep zombies (Lair:5)
  2 lindwurm zombies
  3 blink frog zombies (Lair:5)
  2 manticore zombies
  2 torpor snail zombies (Spider:4)
  7 yaktaur zombies
  A spectral ynoxinul (Lair:5)
  A komodo dragon zombie (Lair:5)
  A cyclops zombie (D:13)
  3 warg zombies
  4 water moccasin zombies
  A hell hound zombie (D:13)
  2 wyvern zombies
  12 yak zombies
  2 troll zombies
  A spriggan zombie (Lair:5)
  2 raiju zombies (Lair:5)
  A killer bee (D:9)
  2 wolf zombies
  9 bullfrog zombies
  10 centaur zombies
  23 human zombies
  A basilisk zombie (Lair:5)
  An orc wizard (Orc:2)
  6 killer bee zombies
  8 ogre zombies
  2 hell rat zombies (Lair:1)
  2 adder zombies
  A jelly zombie (Lair:4)
  An orc (Orc:2)
  A bat zombie (D:2)
  2 gnoll zombies (D:9)
  An endoplasm zombie (Lair:4)
  3 goblin zombies
  2 hobgoblin zombies (Bailey)
  3 jackal zombies
  8 kobold zombies
  98 orc zombies
  3 rat zombies (Lair:1)
  A spectral ufetubus (Vaults:2)
325 creatures vanquished.

Grand Total: 1563 creatures vanquished

Notes
Turn   | Place    | Note
-------+----------+-------------------------------------------
     0 | D:1      | brinewave the Troll Necromancer began the quest for the
                  | Orb.
     0 | D:1      | Reached XP level 1. HP: 16/16 MP: 1/1
   169 | D:1      | Reached skill level 1 in Unarmed Combat
   173 | D:1      | Reached XP level 2. HP: 19/26 MP: 2/2
   190 | D:1      | You fall into a shaft and drop 1 floor!
   233 | D:1      | Reached skill level 1 in Fighting
   360 | D:1      | Found Lidiahou's Antique Weapon Shop.
   397 | D:1      | Found a faded altar of an unknown god.
   412 | D:1      | Prayed at the altar of an unknown god.
   412 | D:1      | Became a worshipper of Yredelemnul the Fallen
   412 | D:1      | Reached * piety under Yredelemnul
   463 | D:1      | Reached XP level 3. HP: 33/33 MP: 3/3
   837 | D:2      | Reached skill level 2 in Unarmed Combat
  1510 | D:3      | Reached XP level 4. HP: 42/42 MP: 4/4
  1513 | D:3      | Noticed Sigmund
  1540 | D:3      | Killed Sigmund
  1541 | D:3      | Reached skill level 3 in Unarmed Combat
  1541 | D:3      | Reached XP level 5. HP: 45/53 MP: 5/5
  1787 | D:3      | Reached ** piety under Yredelemnul
  1804 | D:3      | Reached skill level 4 in Unarmed Combat
  1824 | D:3      | Identified the +0 ring mail of Kigus {Harm Dex+4}
  1825 | D:3      | Reached XP level 6. HP: 58/61 MP: 6/6
  2427 | D:4      | Found a bloodstained altar of Trog.
  2436 | D:4      | Reached skill level 5 in Unarmed Combat
  2436 | D:4      | Reached XP level 7. HP: 70/70 MP: 7/7
  2508 | D:4      | Found a basalt altar of Yredelemnul.
  2540 | D:4      | Found a snail-covered altar of Cheibriados.
  2620 | D:4      | Found a radiant altar of Vehumet.
  2682 | D:4      | Noticed Blork the orc
  2697 | D:4      | Killed Blork the orc
  2697 | D:4      | Reached *** piety under Yredelemnul
  2701 | D:4      | Reached skill level 5 in Fighting
  2701 | D:4      | Reached skill level 6 in Unarmed Combat
  2824 | D:4      | Found an opulent altar of Gozag.
  2859 | D:4      | Noticed Edmund
  2873 | D:4      | Killed Edmund
  2994 | D:5      | Entered Level 5 of the Dungeon
  2998 | D:5      | Reached XP level 8. HP: 79/80 MP: 8/8
  3028 | D:5      | Found a white marble altar of Elyvilon.
  3057 | D:5      | Found a staircase to the Ecumenical Temple.
  3101 | D:5      | Reached skill level 7 in Unarmed Combat
  3180 | D:5      | Found a sparkling altar of Nemelex Xobeh.
  3243 | D:5      | Found the +3 crown of Dyrovepreva {rElec Int+2 SInv}
  3299 | D:5      | Found a hazy altar of Hepliaklqana.
  3625 | D:6      | Reached skill level 8 in Unarmed Combat
  3784 | D:6      | Reached XP level 9. HP: 53/92 MP: 9/9
  3821 | D:6      | Found a shadowy altar of Dithmenos.
  3842 | D:6      | Reached **** piety under Yredelemnul
  3854 | D:6      | Found an iron altar of Okawaru.
  3855 | D:6      | Found a shimmering blue altar of Sif Muna.
  4035 | D:7      | Identified the +5 chain mail of the Hurricane {rCorr Int+3
                  | SInv}
  4172 | D:7      | Reached skill level 9 in Unarmed Combat
  4256 | D:7      | Found Dulatual's Antique Weapon Boutique.
  4620 | D:7      | Found an ornate altar of the Wu Jian Council.
  4980 | D:8      | Reached skill level 10 in Unarmed Combat
  5011 | D:8      | Reached XP level 10. HP: 89/106 MP: 10/10
  5039 | D:8      | Noticed a two-headed ogre
  5054 | D:8      | Killed a two-headed ogre
  5075 | D:8      | Noticed a two-headed ogre
  5078 | D:8      | Killed a two-headed ogre
  5307 | D:8      | Found Nurch's General Store.
  5315 | D:8      | Bought a potion of curing for 39 gold pieces
  5315 | D:8      | Bought a scroll of amnesia for 52 gold pieces
  5315 | D:8      | Bought a potion of enlightenment for 65 gold pieces
  5613 | D:9      | Reached skill level 11 in Unarmed Combat
  5921 | D:9      | Noticed Pikel
  5937 | D:9      | Killed Pikel
  5937 | D:9      | Reached ***** piety under Yredelemnul
  5945 | D:9      | Reached skill level 10 in Fighting
  6119 | D:9      | Found a burning altar of Makhleb.
  6170 | D:9      | Noticed a +0 spear
  6170 | D:9      | Noticed a +0 short sword
  6170 | D:9      | Noticed a +0 falchion
  6171 | D:9      | Noticed a +0 spear
  6171 | D:9      | Noticed a +0 short sword
  6172 | D:9      | Noticed a +0 falchion
  6172 | D:9      | Noticed a +0 dagger
  6173 | D:9      | Noticed a +0 dagger
  6186 | D:9      | Found a hide-covered altar of Uskayaw.
  6249 | D:10     | Entered Level 10 of the Dungeon
  6249 | D:10     | Found a shimmering altar of Xom.
  6268 | D:10     | Noticed a boulder beetle
  6326 | D:10     | Reached skill level 12 in Unarmed Combat
  6326 | D:10     | Reached XP level 11. HP: 117/117 MP: 11/11
  6383 | D:10     | Killed a boulder beetle
  6527 | D:10     | Found a flagged portal.
  6538 | Bailey   | Entered a bailey
  6640 | Bailey   | Noticed Prince Ribbit
  6652 | Bailey   | Noticed a vault guard
  6669 | Bailey   | Killed a vault guard
  6671 | Bailey   | Killed Prince Ribbit
  6780 | Bailey   | Noticed a vault guard
  6796 | Bailey   | Killed a vault guard
  6797 | Bailey   | Reached skill level 13 in Unarmed Combat
  6906 | D:10     | Found a staircase to the Lair.
  6942 | D:10     | Noticed Snorg
  6966 | D:10     | Killed Snorg
  7426 | Lair:1   | Entered Level 1 of the Lair of Beasts
  7676 | Lair:1   | Reached XP level 12. HP: 69/131 MP: 12/12
  7728 | Lair:1   | Reached skill level 14 in Unarmed Combat
  7815 | Lair:1   | Identified the +2 scale mail of Undesirable Species {rF-
                  | Str+2 Stlth+}
  7869 | Lair:1   | Identified the +3 leather armour of Inference {rF++ Dex+3}
  8794 | Lair:1   | Upgraded the game from 0.32-a0-825-g0e82a10 to
                  | 0.32-a0-826-g4cabd76
  8895 | Lair:2   | Found a hole to the Spider Nest.
  9237 | Lair:2   | Reached skill level 15 in Unarmed Combat
  9277 | Lair:2   | Reached ****** piety under Yredelemnul
  9651 | Lair:2   | Noticed a seven-headed hydra
  9660 | Lair:2   | Killed a nine-headed hydra
  9840 | Lair:3   | Noticed an eight-headed hydra
  9967 | Lair:3   | Reached XP level 13. HP: 144/144 MP: 13/13
 10031 | Lair:3   | Found a staircase to the Shoals.
 10255 | Lair:3   | Reached skill level 16 in Unarmed Combat
 10952 | Lair:4   | Found a viscous altar of Jiyva.
 10952 | Lair:4   | Found a staircase to the Slime Pits.
 11645 | Lair:5   | Entered Level 5 of the Lair of Beasts
 12021 | Lair:5   | Reached skill level 17 in Unarmed Combat
 12337 | Lair:5   | Reached XP level 14. HP: 149/157 MP: 14/14
 12624 | Lair:5   | Reached skill level 15 in Fighting
 12763 | Lair:5   | Found a corrupted altar of Lugonu.
 12763 | Lair:5   | Found a one-way gate to the infinite horrors of the Abyss.
 12823 | Lair:5   | Identified 4 scrolls of acquirement
 13105 | Lair:5   | Acquired a book of Weapons
 13109 | Lair:5   | Acquired a manual of Invocations
 13111 | Lair:5   | Acquired 1067 gold pieces
 13113 | Lair:5   | Acquired 1031 gold pieces
 13283 | D:8      | Bought a ring of resist corrosion for 260 gold pieces
 13283 | D:8      | Bought a scroll of fog for 52 gold pieces
 13448 | D:11     | Noticed Josephine
 13455 | D:11     | Killed Josephine
 13456 | D:11     | Reached skill level 1 in Invocations
 13723 | D:11     | Found a runed translucent gate.
 13723 | D:11     | Found a runed translucent gate.
 13723 | D:11     | Found a runed translucent gate.
 13729 | D:11     | Noticed dontdoit's ghost (journeyman SpAl)
 13729 | D:11     | Noticed edsrzf's ghost (journeyman TrNe)
 13808 | D:11     | Found a staircase to the Orcish Mines.
 13887 | D:11     | Killed edsrzf's ghost
 13900 | D:11     | Killed dontdoit's ghost
 13901 | D:11     | Reached skill level 18 in Unarmed Combat
 14292 | Orc:1    | Entered Level 1 of the Orcish Mines
 14293 | Orc:1    | Noticed an orc warlord
 14296 | Orc:1    | Noticed Gastronok
 14318 | Orc:1    | Killed Gastronok
 14342 | Orc:1    | Reached skill level 5 in Invocations
 14356 | Orc:1    | Killed an orc warlord
 14852 | Orc:2    | Entered Level 2 of the Orcish Mines
 15222 | Orc:2    | Found a staircase to the Elven Halls.
 15540 | Orc:2    | Reached XP level 15. HP: 156/169 MP: 19/19
 16095 | Orc:2    | Found a roughly hewn altar of Beogh.
 16261 | Orc:2    | Found Loysaom's General Store.
 16277 | Orc:2    | Bought a scroll of fear for 64 gold pieces
 16277 | Orc:2    | Bought a scroll of identify for 32 gold pieces
 16277 | Orc:2    | Bought a scroll of identify for 32 gold pieces
 16286 | Orc:2    | Found Viehui's Armour Shop.
 16541 | Orc:2    | Found a roughly hewn altar of Beogh.
 16654 | Orc:2    | Found Ceif's Assorted Antiques.
 16671 | Orc:2    | Bought a scroll labelled HOPASY BIWUI for 28 gold pieces
 16671 | Orc:2    | Bought a scroll of identify for 56 gold pieces
 16671 | Orc:2    | Bought a thick copper amulet for 140 gold pieces
 16705 | Orc:2    | Found Nopimiga's Weapon Emporium.
 17333 | D:12     | Found a shimmering altar of Xom.
 17511 | D:12     | Upgraded the game from 0.32-a0-826-g4cabd76 to
                  | 0.32-a0-841-g4648e6c
 17539 | D:13     | Noticed Frances
 17540 | D:13     | Noticed Lodul
 17540 | D:13     | Noticed Jorgrun
 17754 | D:13     | Reached skill level 19 in Unarmed Combat
 17820 | D:13     | Identified the +9 plate armour "Imuupsef" {Will- MP+9 SInv}
 17856 | D:13     | Found a gate to the Vaults.
 18053 | D:13     | Reached skill level 1 in Shields
 18159 | D:13     | Killed Lodul
 18180 | D:13     | Your ally Lodul died
 18253 | D:13     | Killed Jorgrun
 18254 | D:13     | Reached skill level 10 in Invocations
 18443 | D:13     | Noticed Azrael
 18457 | D:13     | Killed Azrael
 18464 | D:13     | Your ally Azrael died
 18625 | D:13     | Killed Frances
 18683 | D:13     | Paralysed by an air elemental for 1 turns
 19834 | D:15     | Entered Level 15 of the Dungeon
 19862 | D:15     | Reached XP level 16. HP: 134/180 MP: 23/23
 20013 | D:15     | Noticed Roxanne
 20034 | D:15     | Killed Roxanne
 20085 | D:15     | Noticed Nessos
 20093 | D:15     | Paralysed by an ogre mage for 5 turns
 20116 | D:15     | Killed Nessos
 20165 | D:15     | Found a runed translucent gate.
 20165 | D:15     | Found a runed translucent gate.
 20165 | D:15     | Found a runed translucent gate.
 20168 | D:15     | Noticed Giaff's ghost (journeyman DsGl)
 20170 | D:15     | Identified the +1 chain mail of Ygifyuh {+Inv Will- Str+3
                  | Int+2}
 20171 | D:15     | Found a roughly hewn altar of Beogh.
 20177 | D:15     | Your ally Nessos died
 20566 | D:15     | Killed Giaff's ghost
 21231 | D:15     | Found a staircase to the Depths.
 21606 | Spider:1 | Entered Level 1 of the Spider Nest
 21677 | Spider:1 | Reached skill level 5 in Shields
 22236 | Spider:1 | Identified the +12 long sword "Ifesimp" {venom, rF+ Dex+4}
 22462 | Spider:1 | Reached skill level 20 in Unarmed Combat
 23431 | Spider:2 | Identified the +4 lajatang "Zaylat" {venom, *Corrode ^Drain
                  | rPois Int+5}
 23466 | Spider:2 | Reached XP level 17. HP: 164/191 MP: 25/25
 24071 | Spider:3 | Noticed Arachne
 24082 | Spider:3 | Killed Arachne
 24367 | Spider:3 | Paralysed by a jorogumo for 1 turns
 24696 | Spider:3 | Your ally Arachne died
 24770 | Spider:3 | Noticed Mara
 24788 | Spider:3 | Killed Mara
 24869 | Spider:3 | Identified the +1 long sword "Kexza" {vamp, rElec Int+3
                  | Dex-2}
 25093 | Spider:4 | Entered Level 4 of the Spider Nest
 25678 | Spider:4 | Reached skill level 15 in Invocations
 25898 | Spider:4 | Got a gossamer rune of Zot
 26414 | Vaults:1 | Entered Level 1 of the Vaults
 26543 | Vaults:1 | Reached XP level 18. HP: 108/202 MP: 28/28
 27099 | Vaults:1 | Reached skill level 21 in Unarmed Combat
 27178 | Vaults:1 | Found Ceucaff's Antique Weapon Shop.
 27711 | Vaults:1 | Identified the +0 chain mail of the Barnacle {Str+3 Int+2
                  | Dex+6}
 28598 | Vaults:2 | Found a staircase to the Crypt.
 28823 | Vaults:2 | Reached skill level 10 in Shields
 29355 | Vaults:2 | Paralysed by a formless jellyfish for 1 turns
 29451 | Vaults:2 | Reached XP level 19. HP: 169/213 MP: 30/30
 29790 | Crypt:1  | Entered Level 1 of the Crypt
 29856 | Crypt:1  | HP: 1/156 [laughing skull/bolt of negative energy (40)]
 29856 | Crypt:1  | Killed from afar by a laughing skull

Illustrated notes

Levels and vault maps discovered:
D:1:      nicolae_arrival_somewhat_less_tricky_arrival, layout_basic,
          serial_shops, nicolae_shop_hallway_plus,
          hellmonk_ecumenical_altar_zigzags
D:2:      layout_basic
D:3:      minmay_chambers_of_twos, layout_basic,
          nicolae_concentric_dashed_squares_mild, uniq_sigmund
D:4:      layout_rooms, mainiacjoe_overflow_alcove_4,
          mainiacjoe_overflow_brackets, trog_ov_bears_minmay,
          cheibriados_altar_1, grunt_gozag_statues, kennysheep_generic_room_8,
          uniq_blork_the_orc, uniq_edmund
D:5:      layout_basic, overflow_temple_1_default, mainiacjoe_overflow_alcove_2,
          nicolae_overflow_crystal_walls, minmay_temple_entry_statues_pillars,
          chequers_serial_rivers_micro_e
D:6:      layout_rooms, marbit_many_paths, mainiacjoe_overflow_divided_tiny
D:7:      layout_loops_ring, nzn_wu_jian_council_hall, serial_shops, shop,
          serial_bayou, serial_bayou_ford_a, serial_bayou_shore_a,
          serial_bayou_pond_e, serial_bayou_pond_b
D:8:      layout_layer_cave, serial_shops, shop, st_stairs_5, roderic_lattice_a
D:9:      layout_rooms, nicolae_uskayaw_en_pointe,
          mainiacjoe_overflow_surrounded_room, uniq_pikel
D:10:     layout_layer_cave, mainiacjoe_overflow_catwalk, lair_entry_dummy,
          enter_bailey_3, minivault_14, grunt_decor_junction, uniq_snorg
D:11:     layout_basic, hiddenorc1_lemuel, gammafunk_ghost_cemetery,
          uniq_josephine
D:12:     layout_basic, regret_index_xom_of_box
D:13:     nooodl_glass_maze, layout_layer_cave, ximxim_vaults_locker_room,
          dreamdust_looks_like_rain, uniq_lodul, uniq_azrael, uniq_frances,
          uniq_jorgrun
D:14:     layout_loops_corners, gauntlet_entry_generic
D:15:     hangedman_depths_entry_try_elsewhere_first, layout_long_grid,
          biasface_ghost_orc_armoury, uniq_nessos, uniq_roxanne
Lair:1:   layout_layer_cave, grunt_forest_stairs_basic,
          kennysheep_abandoned_house, lemuel_fruit_tree, lemuel_fruit_fields
Lair:2:   minmay_lair_venomous_thicket, layout_cave_pods,
          spider_nest_entry_webs, st_stairs_13, chequers_serial_rivers_small_a,
          grunt_megastairs_2
Lair:3:   layout_long_grid, minmay_shoals_entry_centaurs
Lair:4:   layout_regular_city, slime_entry_2, grunt_megastairs_1
Lair:5:   hellmonk_lair_end_abyssal_woods, layout_misc_corridors,
          nicolae_quartered_pool_impasse
Spider:1: layout_spider_delve, nicolae_spider_orb_run
Spider:2: layout_spider_delve
Spider:3: layout_spider_delve, nicolae_spider_world_wide_web, uniq_arachne,
          uniq_mara
Spider:4: grunt_spider_rune_circles
Orc:1:    layout_caves, uniq_gastronok
Orc:2:    pubby_orc_utopia
Vaults:1: nicolae_vaults_shipping_containers_5, nicolae_vaults_swerve,
          v_pattern_5, nicolae_vaults_closet_pinwheel_3,
          nicolae_vaults_six-pack, vaults_room_semicircle, vaults_room_pools,
          nicolae_vaults_tetromino_T_1, layout_vaults_chaotic_city,
          serial_shops, shop
Vaults:2: serial_ice_b, minmay_crypt_entry_simple_statues, v_misc_11,
          layout_vaults_quadrants
Crypt:1:  layout_gridlike, grunt_crypt_arrival_webbed, uniq_boris

Skill      XL: |  1  2  3  4  5  6  7  8  9 10 11 12 13 14 15 16 17 18 |
---------------+-------------------------------------------------------+-----
Unarmed Combat | 1 2 3 4 5 6 8 10 12 13 15 17 18 19 20 21 | 21.6
Fighting       | 1 2 3 4 5 6 8 10 11 13 14 15 16 17 18 | 18.5
Invocations    | 6 10 13 15 16 | 16.4
Shields        | 3 6 8 10 | 10.4
Dodging        | |  1.5
Stealth        | |  1.0
Spellcasting   | |  1.2
Necromancy     | |  3.2

Action                     |  1- 3 |  4- 6 |  7- 9 | 10-12 | 13-15 | 16-18 | 19-21 || total
---------------------------+-------+-------+-------+-------+-------+-------+-------++-------
  Melee: Unarmed           |    90 |    74 |   200 |   427 |   959 |  1070 |    32 ||  2852
         Punch             |     1 |     2 |     6 |    41 |    79 |       |       ||   129
  Throw: Javelin           |       |       |       |       |     2 |     3 |       ||     5
         Dart              |       |       |       |       |       |     6 |       ||     6
   Cast: Necrotise         |     2 |       |       |       |     3 |     1 |       ||     6
 Invoke: Light the Black T |     3 |     1 |     4 |     5 |     9 |     6 |       ||    28
         Bind Soul         |       |       |       |       |     1 |     5 |       ||     6
         Recall Undead Har |       |       |       |       |       |    11 |       ||    11
    Use: Scroll            |       |     5 |     7 |     6 |    17 |    11 |       ||    46
         Potion            |       |       |       |     1 |     7 |     1 |       ||     9
   Stab: Sleeping          |     3 |       |     4 |     1 |     6 |     3 |       ||    17
         Distracted        |       |     1 |     4 |     6 |     8 |    17 |       ||    36
 Armour: Robe              |    41 |    38 |   151 |   412 |   912 |   702 |    33 ||  2289
  Dodge: Dodged            |    36 |    50 |    91 |   192 |   396 |   236 |     6 ||  1007
  Block: Other             |       |       |       |       |    78 |       |       ||    78
         Reflection        |       |       |       |       |    16 |    48 |       ||    64
         Kite shield       |       |       |       |       |    90 |   897 |    28 ||  1015

Table legend: (Time is in decaauts)
 A = Elapsed time spent in this place.
 B = Non-inter-level travel time spent in this place.
 C = Inter-level travel time spent in this place.
 D = Time resting spent in this place.
 E = Time spent auto-exploring this place.
 F = Levels seen in this place.
 G = Mean time per level.
                   A        B        C        D        E       F      G
               +--------+--------+--------+--------+--------+-----+--------+
         Total |  29134 |  27395 |   1739 |   2092 |  17512 |  30 |  971.1 |
       Dungeon |  13023 |  12217 |    806 |    980 |   7447 |  15 |  868.2 |
          Lair |   5711 |   5361 |    350 |     97 |   4070 |   5 | 1142.2 |
   Spider Nest |   4528 |   4116 |    412 |    484 |   2514 |   4 | 1132.0 |
  Orcish Mines |   2609 |   2573 |     36 |    309 |   1408 |   2 | 1304.5 |
        Vaults |   2931 |   2798 |    133 |    222 |   1923 |   2 | 1465.5 |
         Crypt |     55 |     55 |      0 |      0 |      0 |   1 |   55.0 |
        Bailey |    276 |    276 |      0 |      0 |    150 |   1 |  276.0 |
               +--------+--------+--------+--------+--------+-----+--------+

Top non-repeatable levels by time:
   Orc:2: 2042 daAuts
    D:13: 1745 daAuts
Vaults:1: 1696 daAuts
Spider:2: 1451 daAuts
  Lair:5: 1442 daAuts
    D:15: 1413 daAuts
  Lair:1: 1396 daAuts
Vaults:2: 1235 daAuts
  Lair:2: 1177 daAuts
Spider:1: 1097 daAuts
    D:14: 1077 daAuts
Spider:3: 1008 daAuts
Spider:4: 970 daAuts
    D:11: 949 daAuts
    D:10: 947 daAuts
